 Dungeon Crawl Stone Soup version 0.31-a0-931-g7b59d4eb97 (webtiles) character file.

Game seed: 4642411890138540646

384 RepHenryClay the Cudgeller (level 6, -10/47 HPs)
             Began as a Demonspawn Berserker on Oct 19, 2023.
             Was a Believer of Trog.
             Mangled by an orc wizard
             ... wielding a +2 dagger of electrocution
              (14 damage)
             ... on level 4 of the Dungeon.
             The game lasted 00:06:02 (3846 turns).

RepHenryClay the Cudgeller (Demonspawn Berserker)   Turns: 3846, Time: 00:06:02

Health: -10/47     AC: 13    Str: 20    XL:     6   Next: 47%
Magic:  6/6        EV:  8    Int:  8    God:    Trog [**....]
Gold:   151        SH:  0    Dex: 12    Spells: 5/5 levels left

rFire   . . .        a - +0 flail
rCold   . . .        (no shield)
rNeg    + . .        h - +0 chain mail
rPois   .            (no helmet)
rElec   .            (no cloak)
rCorr   .            n - +0 pair of gloves
SInv    .            (no boots)
Will    +++..        (no amulet) Stlth
                     j - ring of positive energy
HPRegen 1.27/turn    (no ring)
MPRegen 0.10/turn

%: no passive effects
@: silenced, strong-willed, on berserk cooldown, attractive, enlightened,
flying, regenerating, hasted and slowed, invisible
A: thin metallic scales 2, weakness stinger 2
a: Renounce Religion


You were on level 4 of the Dungeon.
You worshipped Trog.
Trog was pleased with you.
You visited 1 branch of the dungeon, and saw 4 of its levels.

You collected 151 gold pieces.

Inventory:

Hand Weapons
 a - a +0 flail (weapon)
Missiles
 l - 4 poisoned darts (quivered)
Armour
 b - a +0 animal skin
 h - a +0 chain mail (worn)
 n - a +0 pair of gloves (worn)
Jewellery
 j - a ring of positive energy (left hand)
Scrolls
 c - a scroll of torment
 t - a scroll of teleportation {unknown}
 u - a scroll of identify {unknown}
Potions
 m - a potion of brilliance
 o - a potion of resistance {unknown}
 p - a potion of degeneration {unknown}
 q - a potion of cancellation {unknown}
 r - a potion of lignification {unknown}
 s - a potion of might {unknown}


   Skills:
 - Level 3.0 Fighting
 + Level 5.1 Maces & Flails
 + Level 4.6 Armour
 - Level 1.7 Dodging


You had 5 spell levels left.
You didn't know any spells.
Your spell library was empty.

Dungeon Overview and Level Annotations

Branches:
Dungeon (4/15)
 Temple: D:4-7

Altars:
Cheibriados
Makhleb
Okawaru
Sif Muna
Trog

Shops:
D:4 =


Innate Abilities, Weirdness & Mutations

You are mostly covered in thin metallic scales. (AC +3)
You have a tail ending in a sharp stinger.


Message History

Trog says: Kill them all!
Press ? for a list of commands and other information.
Your skin crawls.
You feel strong-willed. Something hits you but does no damage.
Deactivating autopickup; reactivate with Ctrl-A.
As you read the scroll labelled XORAIN NITAUGU, it crumbles to dust.
You hear a loud clanging noise!
It was a scroll of noise.
You hear a shout! x2
Something hits you but does no damage.
Unknown command.
As you read the scroll labelled KONADGHIU KIBI, it crumbles to dust.
A profound silence engulfs you.
It was a scroll of silence.
Something hits you but does no damage.
You are electrocuted!
* * * LOW HITPOINT WARNING * * *
Huge Dmg: -23%(-11hp) hp: 5%(2hp) Welcome back, RepHenryClay the Demonspawn Berserker.
Trog says: Kill them all!
Press ? for a list of commands and other information.
Okay, then.
Magic scrolls do not work when you're silenced!
Unknown command.
It was a potion of invisibility.
You fade into invisibility!
Something hits you but does no damage.
Deactivating autopickup; reactivate with Ctrl-A.
It was a potion of attraction.
You feel attractive to monsters. Something hits you.
* * * LOW HITPOINT WARNING * * *
Huge Dmg: -2%(-1hp) hp: 7%(3hp) Welcome back, RepHenryClay the Demonspawn Berserker.
Trog says: Kill them all!
Press ? for a list of commands and other information.
It was a potion of enlightenment.
You feel very buoyant.
You fly up into the air.
Something hits you but does no damage.
You are electrocuted!
You die...

)#
##.)............####...###
.# #....~~........# ##.##
.# #....~~........# ### .#
##..............# .##
#...~....~......# ..#
#...............# #.###
#...............# ~...#
#^...##.#......## ~~#.#
########@##...## #~~.#
#{###### ##~.# #o# ~#~##
#o# ~~~# #o# ~### #o## ~#
##o# ~# #........ ~#
#........


You could see 5 orcs.

Vanquished Creatures
  A scorpion (D:4)
  A hound (D:4)
  An iguana (D:3)
  3 orc wizards
  6 gnolls
  7 adders
  A worm (D:2)
  A dart slug (D:1)
  9 orcs
  11 ball pythons
  6 bats
  3 endoplasms
  A giant cockroach (D:1)
  7 goblins
  2 hobgoblins
  2 jackals (D:2)
  5 kobolds
  2 quokkas
  4 frilled lizards
  4 rats
77 creatures vanquished.

Notes
Turn   | Place    | Note
-------+----------+-------------------------------------------
     0 | D:1      | RepHenryClay the Demonspawn Berserker began the quest for
                  | the Orb.
     0 | D:1      | Reached XP level 1. HP: 18/18 MP: 1/1
   162 | D:1      | Reached skill level 3 in Maces & Flails
   162 | D:1      | Gained mutation: You are partially covered in thin metallic
                  | scales. (AC +2) [demonic ancestry]
   162 | D:1      | Reached XP level 2. HP: 24/24 MP: 2/2
  1037 | D:2      | Reached ** piety under Trog
  1230 | D:2      | Gained mutation: You are mostly covered in thin metallic
                  | scales. (AC +3) [demonic ancestry]
  1230 | D:2      | Reached XP level 3. HP: 28/29 MP: 3/3
  1558 | D:2      | Gained mutation: You have a small tail. [demonic ancestry]
  1558 | D:2      | Reached XP level 4. HP: 33/35 MP: 4/4
  2153 | D:3      | Reached skill level 4 in Maces & Flails
  2252 | D:3      | Found a bloodstained altar of Trog.
  2308 | D:3      | Reached XP level 5. HP: 41/41 MP: 5/5
  3000 | D:4      | Gained mutation: You have a tail ending in a sharp stinger.
                  | [demonic ancestry]
  3000 | D:4      | Reached XP level 6. HP: 31/47 MP: 6/6
  3499 | D:4      | Reached skill level 5 in Maces & Flails
  3558 | D:4      | Found Caab Vapt's Jewellery Shoppe.
  3591 | D:4      | Found a burning altar of Makhleb.
  3593 | D:4      | Found a shimmering blue altar of Sif Muna.
  3735 | D:4      | Found an iron altar of Okawaru.
  3737 | D:4      | Found a snail-covered altar of Cheibriados.
  3843 | D:4      | HP: 2/47 [something (12)]
  3846 | D:4      | Mangled by an orc wizard

Illustrated notes

Levels and vault maps discovered:
D:1:      lemuel_arrival_rhombus, layout_basic, minmay_tromino_v7
D:2:      minmay_skewed_foursquare, layout_loops_corners
D:3:      layout_basic, old_standard_altar, chequers_hall_statues_wall_a,
          lemuel_flame_loot_1
D:4:      layout_cave_pods, nicolae_overflow_hidden_temple, serial_shops, shop,
          skrybe_limestone_x, corexii_hall_statues_t, minmay_misc_feat_tower,
          minmay_manual_mullet

Skill      XL: |  1  2  3  4  5  6 |
---------------+-------------------+-----
Armour         | 2 3 4 |  4.6
Maces & Flails | 3 4 5 |  5.1
Fighting       | |  3.0
Dodging        | |  1.7

Action                     |  1- 3 |  4- 6 || total
---------------------------+-------+-------++-------
  Melee: Mace              |   110 |    65 ||   175
         Punch             |     1 |     1 ||     2
         Tailslap          |       |    19 ||    19
         Flail             |       |    91 ||    91
  Throw: Dart              |       |     2 ||     2
 Invoke: Berserk           |     1 |     4 ||     5
         Trog's Hand       |       |     1 ||     1
    Use: Potion            |       |     5 ||     5
         Scroll            |       |     3 ||     3
   Stab: Sleeping          |     2 |       ||     2
 Armour: Animal skin       |    16 |       ||    16
         Chain mail        |    68 |   166 ||   234
  Dodge: Dodged            |    70 |    46 ||   116

Table legend: (Time is in decaauts)
 A = Elapsed time spent in this place.
 B = Non-inter-level travel time spent in this place.
 C = Inter-level travel time spent in this place.
 D = Time resting spent in this place.
 E = Time spent auto-exploring this place.
 F = Levels seen in this place.
 G = Mean time per level.
                   A        B        C        D        E       F      G
               +--------+--------+--------+--------+--------+-----+--------+
         Total |   3956 |   3764 |    192 |    268 |   2789 |   4 |  989.0 |
       Dungeon |   3956 |   3764 |    192 |    268 |   2789 |   4 |  989.0 |
               +--------+--------+--------+--------+--------+-----+--------+

Top non-repeatable levels by time:
     D:2: 1158 daAuts
     D:1: 972 daAuts
     D:3: 923 daAuts
     D:4: 902 daAuts
